 Dungeon Crawl Stone Soup version 0.22-a0-93-g6b88ebb (webtiles) character file.

494380 pkoi the Minotaur Blade (level 23, -2/217 HPs)
             Began as a Minotaur Fighter on Jan 23, 2018.
             Was a High Priest of Okawaru.
             Slain by a storm dragon (7 damage)
             ... on level 5 of the Depths.
             The game lasted 03:10:05 (73997 turns).

pkoi the Minotaur Blade (Minotaur Fighter)         Turns: 73997, Time: 03:10:06

Health: -2/217     AC: 40    Str: 26    XL:     23   Next: 93%
Magic:  31/33      EV: 18    Int:  9    God:    Okawaru [*****.]
Gold:   2859       SH:  5    Dex: 17    Spells: 22/22 levels left

rFire    + + +     SeeInvis +   a - +9 great sword of Moral Flaws {protect, rElec rPois}
rCold    + + +     Gourm    .   (shield currently unavailable)
rNeg     . . .     Faith    .   B - +0 gold dragon scales
rPois    +         Spirit   .   o - +0 hat {SInv}
rElec    +         Reflect  +   v - scarf {rC+ rF+}
rCorr    .         Harm     .   E - +0 pair of gloves "Xihom" {rF+ Regen+ Str-3}
MR       ++...                  m - +0 pair of boots {Fly}
Stlth    ..........             L - +5 amulet of reflection
HPRegen  0.86/turn              x - ring "Ifidat" {rC+ AC+2 Int+4 Dex+5}
MPRegen  0.23/turn              D - ring of protection from magic

@: about to teleport, heroism, protection aura, flying, heavily drained
A: retaliatory headbutt, horns 2, iridescent scales 1, high mp 1, subdued magic
1
}: 2/15 runes: decaying, gossamer
a: Heroism, Finesse, Renounce Religion


You were on level 5 of the Depths.
You worshipped Okawaru.
Okawaru was extremely pleased with you.
You were full.

You visited 9 branches of the dungeon, and saw 44 of its levels.
You visited the Abyss 2 times.
You also visited: Bailey, Ice Cave, Volcano and Desolation.

You collected 5786 gold pieces.
You spent 2927 gold pieces at shops.

Inventory:

Hand Weapons
 a - the +9 great sword of Moral Flaws (weapon) {protect, rElec rPois}
   (You found it on level 2 of the Elven Halls)

   It protects the one who uses it against injury (+AC on strike).
   It insulates you from electricity.
   It protects you from poison.
 b - a +4 scimitar of flaming
 c - the +8 great sword "Kyepn" {slice, *Rage rC- MR+ Dex+7}
   (Okawaru gifted it to you on level 4 of the Vaults)

   It inflicts extra damage upon your enemies.
   It affects your dexterity (+7).
   It makes you vulnerable to cold.
   It affects your resistance to hostile enchantments.
   It may make you go berserk in combat.
Missiles
 q - 13 javelins of penetration
 N - 7 poisoned javelins (quivered)
Armour
 m - a +0 pair of boots of flying (worn)
 n - the +0 pair of fencer's gloves {+Riposte Dex+3}
   (You bought it in a shop on level 14 of the Dungeon)

   It affects your dexterity (+3).
 o - a +0 hat of see invisible (worn)
 v - a scarf of resistance (worn)
 w - a scarf of cloud immunity
 B - +0 gold dragon scales (worn)
 E - the +0 pair of gloves "Xihom" (worn) {rF+ Regen+ Str-3}
   (Okawaru gifted it to you on level 4 of the Depths)

   It affects your strength (-3).
   It protects you from fire.
   It increases your rate of regeneration.
 T - the +1 plate armour of Refuge {rPois MR+}
   (You found it on level 3 of the Elven Halls)

   It protects you from poison.
   It affects your resistance to hostile enchantments.
Jewellery
 t - an uncursed amulet of the gourmand
 x - the ring "Ifidat" (left hand) {rC+ AC+2 Int+4 Dex+5}
   (You took it off a deep elf sorcerer on level 3 of the Elven Halls)

   [ring of protection]

   It affects your AC (+2).
   It affects your intelligence (+4).
   It affects your dexterity (+5).
   It protects you from cold.
 z - an uncursed ring of protection from fire
 D - a ring of protection from magic (right hand)
 L - a +5 amulet of reflection (around neck)
Wands
 e - a wand of iceblast (38)
 u - a wand of paralysis (56)
 K - a wand of acid (13)
 O - a wand of digging (36)
 Q - a wand of clouds (6)
Scrolls
 h - a scroll of silence
 i - 3 scrolls of blinking
 l - 8 scrolls of identify
 p - 27 scrolls of remove curse
 r - 17 scrolls of teleportation
 y - 3 scrolls of fear
 F - 7 scrolls of fog
 I - a scroll of enchant armour
Potions
 d - 3 potions of might
 g - 8 potions of heal wounds
 j - 22 potions of curing
 s - 4 potions of cancellation
 A - 5 potions of resistance
 G - 5 potions of haste
 J - 3 potions of magic
 W - a potion of berserk rage
Miscellaneous
 C - a phantom mirror
 H - a lightning rod (4/4)
Comestibles
 f - 59 rations


   Skills:
 + Level 20.6(23.6) Fighting
 + Level 22.4(24.8) Long Blades
 + Level 17.7(20.8) Throwing
 + Level 20.6(23.6) Armour
 + Level 17.7(20.8) Dodging
   Level 12.4(15.7) Shields
 - Level 8.0(6.6) Invocations
 - Level 11.5(10.0) Evocations


You had 22 spell levels left.
You didn't know any spells.

Dungeon Overview and Level Annotations

Branches:
Dungeon (15/15)            Temple (1/1) D:7            Lair (6/6) D:8
  Swamp (4/4) Lair:3       Spider (4/4) Lair:2        Slime (0/5) Lair:5
    Orc (2/2) D:11            Elf (3/3) Orc:2        Vaults (4/5) D:13
  Crypt (0/3) Vaults:3     Depths (5/5) D:15            Zot (0/5) Depths:5

Altars:
Ashenzari
Cheibriados
Dithmenos
Elyvilon
Fedhas
Gozag
Hepliaklqana
Kikubaaqudgha
Makhleb
Nemelex Xobeh
Okawaru
Qazlal
Ru
Sif Muna
Trog
Uskayaw
Vehumet
Wu Jian
Xom
Yredelemnul
Zin
The Shining One
Beogh

Shops:
D:7 =   D:10 %   D:14 [(*}   Orc:1 [   Orc:2 [*(=}!(   Elf:1 :!(   Elf:2 :
Vaults:2 %   Depths:2 =

Portals:
Hell: Depths:1 Depths:2 Depths:3 Depths:4 Depths:5
Abyss: Depths:1 Depths:4
Pandemonium: Depths:1 Depths:3
Ziggurat: Depths:4
Trove: Elf:1 (give +5 ice dragon scales)

Annotations:
Swamp:4 Lernaean hydra


Innate Abilities, Weirdness & Mutations

You reflexively headbutt those who attack you in melee.
You have a pair of horns on your head.
You are partially covered in iridescent scales. (AC +2)
You have an increased reservoir of magic. (+10% MP)
Your spells are a little easier to cast, but a little less powerful.


Message History

The storm dragon bites you.
* * * LOW HITPOINT WARNING * * *
The storm dragon completely misses you. x2
You hit the storm dragon.
The storm dragon is lightly wounded.
The storm dragon closely misses you. The storm dragon barely misses you.
You block the storm dragon's attack.
As you read the scroll of teleportation, it crumbles to dust.
You feel strangely unstable. The storm dragon bites you.
* * * LOW HITPOINT WARNING * * *
You block the storm dragon's attack. The storm dragon tramples you!
* * * LOW HITPOINT WARNING * * *
You hold your ground!
The storm dragon bites you!
* * * LOW HITPOINT WARNING * * *
The storm dragon claws you but does no damage.
You block the storm dragon's attack.
The storm dragon rages.
The storm dragon bites you but does no damage.
The storm dragon claws you!
You die...

#.##############.#......##
###.....##.....####......##
...##...''...##...###.≈≈..##
##⌠#....''[...#8##..''.≈8.<##
#.......##.......#...##.≈≈..##
...############[.[....##.≈8..##
.###..........###.....###.≈≈..##
##.#..(.≈≈..).#.###..''###.≈...#
...''..≈8.≈.)))D@.###''..##....##
....#........#.)...###....##....#
#(..#######''#.).≈≈(##.....#....#
^.### #..D###..8§.#'....##.'##
.## ''.....##).≈.['..≈≈.##'.. ##
'+.⌠...###....##..≈.#.... #
#....DD###....#....##...
#####''D.#..(#.#.≈≈.#... .
##ddd###'[.'..≈.#.#.


You could see a storm dragon (berserk).

Vanquished Creatures
  Mennas (Vaults:4)
  2 juggernauts
  Boris (Vaults:3)
  Bai Suzhen (Depths:1)
  5 caustic shrikes (Depths:4)
  Nikola (Swamp:1)
  A golden dragon (Depths:4)
  Arachne (Spider:4)
  Jorgrun (Depths:5)
  A lich (Depths:5)
  Rupert (D:13)
  Asterion (Vaults:2)
  2 deep elf blademasters (Elf:3)
  A deep elf master archer (Elf:3)
  2 quicksilver dragons (Depths:5)
  2 sphinxes
  Agnes (Elf:1)
  A tentacled starspawn (Abyss:2)
  Frances (D:14)
  2 shadow dragons
  Kirke (D:13)
  3 tengu reavers
  2 thorn hunters
  A storm dragon (Depths:5)
  Roxanne (D:15)
  Donald (Elf:2)
  5 fire giants
  10 frost giants
  A draconian knight (Depths:4)
  6 deep elf sorcerers
  2 orc warlords (Orc:1)
  Louise (Swamp:1)
  An imperial myrmidon (Desolation)
  3 ghost moths (Spider:4)
  5 vault wardens
  The ghost of CuddlesCardenas the Warrior, a journeyman MiFi of the Shining One (Spider:1)
  5 deep elf elementalists
  Aizul (Swamp:3)
  2 spriggan defenders (Depths:4)
  8 emperor scorpions
  6 entropy weavers
  27 very ugly things
  A war gargoyle (Vaults:4)
  9 ironheart preservers
  12 stone giants
  6 deep elf demonologists
  9 deep elf annihilators
  A lorocyproca (Abyss:3)
  2 halazid warlocks (Desolation)
  A black draconian (Depths:5)
  A red draconian (Volcano)
  Azrael (D:13)
  A white draconian (Depths:5)
  4 spark wasps
  A dire elephant (Depths:2)
  A merfolk impaler (Depths:4)
  14 ettins
  3 crystal guardians (Desolation)
  A blizzard demon (Abyss:2)
  10 ragged hierophants (Desolation)
  2 jiangshi (Depths:3)
  13 yaktaur captains
  6 great orbs of eyes
  A fire dragon (shapeshifter) (Elf:3)
  4 deep elf high priests
  2 deep elf death magi (Elf:3)
  2 servants of whispers (Desolation)
  11 fire dragons
  6 rakshasas
  10 ice dragons
  28 hydras
  2 hell beasts (Depths:2)
  5 spriggan air magi
  5 catoblepae
  10 peacekeepers (Desolation)
  10 vault guards
  2 ghost crabs (Swamp:3)
  38 two-headed ogres
  6 centaur warriors
  4 tengu warriors
  11 death yaks
  A death knight (D:15)
  7 deep troll shamans
  An alligator (shapeshifter) (Depths:2)
  27 dancing weapons
  12 alligators
  13 ogre magi
  6 spriggan berserkers
  4 vampire magi
  Nergalle (Orc:2)
  An orc high priest (Orc:2)
  Urug (D:13)
  A thrashing horror (Abyss:3)
  A shock serpent (shapeshifter) (Vaults:4)
  16 spriggans
  2 deep troll earth magi
  3 sun demons
  A soul eater (Depths:4)
  17 deep elf knights
  4 shadow wraiths
  3 unseen horrors
  3 fire crabs (shapeshifter)
  A sixfirhy (Abyss:3)
  5 hell knights
  A large abomination (Abyss:3)
  A spatial maelstrom (Abyss:3)
  A shadow demon (Depths:3)
  The ghost of Maxmaps the Spear-Bearer, a novice FoFi of Okawaru (D:6)
  A glowing orange brain (Depths:5)
  2 salamander mystics
  6 wizards
  A deep troll (shapeshifter) (Depths:4)
  9 deep trolls
  2 flayed ghosts
  7 swamp dragons (Swamp:4)
  3 lindwurms (Depths:2)
  5 spriggan druids
  11 deep elf archers
  15 orc knights
  2 ironbrand convokers
  A phantasmal warrior (Vaults:2)
  3 shambling mangroves
  3 harpies
  4 necromancers
  13 orb spiders
  23 wolf spiders
  49 deep elf magi
  57 ugly things
  8 cyclopes
  19 slime creatures
  A worldbinder (Abyss:3)
  A cyclops (shapeshifter) (Depths:1)
  6 orc sorcerers
  A moth of wrath (shapeshifter) (Depths:5)
  An ice statue (IceCv)
  6 manticores
  A moth of wrath (Spider:4)
  An elephant (shapeshifter) (Depths:4)
  8 salamanders
  2 guardian serpents (Desolation)
  3 black mambas
  2 black mambas (shapeshifter)
  A gargoyle (D:15)
  8 vault sentinels
  2 molten gargoyles
  A torpor snail (shapeshifter) (Depths:1)
  14 spiny frogs
  2 torpor snails
  7 komodo dragons
  50 yaktaurs
  11 demonic crawlers
  A rime drake (Lair:2)
  3 freezing wraiths
  2 tengu conjurers
  A red devil (Depths:4)
  4 human skeletons
  A queen bee (Spider:4)
  6 hellwings
  A troll (shapeshifter) (D:14)
  3 meliai (Spider:4)
  28 hornets
  4 tyrant leeches
  10 trolls
  20 jumping spiders
  13 polar bears
  10 blink frogs
  4 raiju (Abyss:3)
  6 hippogriffs
  The ghost of FlipFlop the Stinger, an amateur DsVM (D:3)
  53 saltlings (Desolation)
  3 dream sheep (Lair:6)
  A blink frog (shapeshifter) (Vaults:4)
  6 bog bodies
  A wandering mushroom (Lair:4)
  5 flying skulls (Abyss:3)
  A shadow (D:11)
  31 tarantellas
  A centaur simulacrum (D:14)
  55 redbacks
  2 air elementals (Elf:3)
  3 wraiths
  A wyvern (Lair:3)
  6 water elementals
  A basilisk (D:15)
  79 yaks
  A fire bat (shapeshifter) (Depths:4)
  A wyvern (shapeshifter) (Depths:1)
  3 hogs (D:13)
  A vampire (D:12)
  6 fire elementals
  A hog (shapeshifter) (Depths:4)
  2 hungry ghosts
  A chaos spawn (Abyss:3)
  11 vampire mosquitoes
  3 wargs
  A neqoxec (Abyss:3)
  Menkaure (D:7)
  An ogre zombie (Vaults:1)
  15 insubstantial wisps
  24 swamp worms
  11 water moccasins
  A soldier ant (D:12)
  An acid dragon (shapeshifter) (Depths:5)
  3 hell hounds
  A soldier ant (shapeshifter) (Elf:3)
  6 porcupines
  An ogre skeleton (Vaults:1)
  A floating eye (Depths:5)
  11 swamp drakes
  2 eyes of draining
  A sky beast (shapeshifter) (Depths:4)
  A black bear (shapeshifter) (Vaults:1)
  2 black bears (D:6)
  48 orc warriors
  4 ice beasts
  5 phantoms
  6 sky beasts
  A hornet zombie (D:14)
  28 ogres
  14 boggarts
  16 centaurs
  18 wolves
  8 crocodiles
  2 small abominations
  5 big kobolds
  A human zombie (Vaults:1)
  26 bullfrogs
  6 earth elementals
  6 scorpions
  20 killer bees
  A spriggan skeleton (Abyss:3)
  4 wights
  3 howler monkeys (D:12)
  2 electric eels
  6 crimson imps
  6 hounds
  A human simulacrum (Vaults:2)
  A quasit (Abyss:3)
  16 orc priests
  8 centaur skeletons
  3 jellies
  4 iguanas
  27 orc wizards
  15 worker ants
  Terence (D:2)
  2 hound skeletons
  14 adders
  6 shadow imps
  13 white imps
  An ufetubus (Abyss:2)
  An ooze (D:2)
  2 adder zombies
  9 worms
  2 dart slugs
  4 leopard geckos
  117 orcs
  11 giant cockroaches
  6 goblins
  9 hobgoblins
  19 jackals
  5 quokkas
  7 bats
  6 frilled lizards
  29 kobolds
  A leopard gecko skeleton (D:6)
  A leopard gecko zombie (D:5)
  A quokka zombie (D:7)
  11 rats
  2 briar patches (Swamp:3)
  A plant (D:8)
1959 creatures vanquished.

Vanquished Creatures (others)
  A deep elf master archer (Elf:3)
  A stone giant (Vaults:2)
  A spark wasp (Depths:4)
  A centaur warrior (D:15)
  5 deep elf archers
  A deep elf mage (Elf:3)
  3 cyclopes
  A yak (IceCv)
  A floating eye (Depths:3)
  2 wolves (IceCv)
  2 centaurs (D:15)
  An orc (Orc:2)
  A briar patch (Swamp:3)
  8 fungi
  33 plants
  2 starspawn tentacles (Abyss:2)
64 creatures vanquished.

Grand Total: 2023 creatures vanquished

Notes
Turn   | Place    | Note
-------+----------+-------------------------------------------
     0 | D:1      | pkoi the Minotaur Fighter began the quest for the Orb.
     0 | D:1      | Reached XP level 1. HP: 19/19 MP: 0/0
   207 | D:1      | Reached skill level 3 in Long Blades
   267 | D:1      | Reached XP level 2. HP: 25/26 MP: 1/1
   484 | D:1      | Reached skill level 4 in Long Blades
  1036 | D:2      | Reached XP level 3. HP: 31/31 MP: 2/2
  1282 | D:2      | Noticed Terence
  1290 | D:2      | Killed Terence
  1290 | D:2      | Reached skill level 5 in Long Blades
  1318 | D:2      | Reached XP level 4. HP: 37/39 MP: 3/3
  1462 | D:2      | Found a glowing golden altar of the Shining One.
  1462 | D:2      | Found an iron altar of Okawaru.
  1467 | D:2      | Became a worshipper of Warmaster Okawaru
  1743 | D:2      | Reached skill level 6 in Long Blades
  2384 | D:3      | Reached XP level 5. HP: 45/45 MP: 4/4
  2431 | D:3      | Found a stormy altar of Qazlal.
  2488 | D:3      | Reached skill level 1 in Throwing
  2709 | D:3      | Noticed FlipFlop's ghost (amateur DsVM)
  2794 | D:3      | HP: 2/45 [FlipFlop's ghost] (2)]
  2797 | D:3      | Gained mutation: You have an increased reservoir of magic. (+10% MP) [potion of mutation]
  2797 | D:3      | Gained mutation: You tend to lose your temper in combat. [potion of mutation]
  2797 | D:3      | Lost mutation: You tend to lose your temper in combat. [potion of mutation]
  2799 | D:3      | Killed FlipFlop's ghost
  2799 | D:3      | Reached * piety under Okawaru
  2799 | D:3      | Reached skill level 7 in Long Blades
  2799 | D:3      | Reached XP level 6. HP: 14/51 MP: 5/5
  3804 | D:4      | Reached XP level 7. HP: 53/57 MP: 6/6
  3813 | D:4      | Reached skill level 8 in Long Blades
  4268 | D:5      | Entered Level 5 of the Dungeon
  4373 | D:5      | Reached ** piety under Okawaru
  4719 | D:5      | Reached skill level 9 in Long Blades
  4719 | D:5      | Reached skill level 5 in Throwing
  5214 | D:6      | Reached XP level 8. HP: 54/64 MP: 7/7
  5279 | D:6      | Noticed Maxmaps's ghost (novice FoFi)
  5347 | D:6      | Noticed a hornet
  5353 | D:6      | Reached skill level 10 in Long Blades
  5357 | D:6      | Reached *** piety under Okawaru
  5367 | D:6      | Paralysed by a hornet for 2 turns
  5379 | D:6      | Killed a hornet
  5379 | D:6      | Reached XP level 9. HP: 28/70 MP: 4/8
  5489 | D:6      | Killed Maxmaps's ghost
  5489 | D:6      | Reached **** piety under Okawaru
  5489 | D:6      | Reached skill level 11 in Long Blades
  5576 | D:6      | Noticed an angel
  5577 | D:6      | Found a glowing silver altar of Zin.
  5577 | D:6      | Found a shimmering altar of Xom.
  5843 | D:6      | Reached skill level 1 in Dodging
  6021 | D:7      | Found a staircase to the Ecumenical Temple.
  6028 | D:7      | Noticed Menkaure
  6034 | D:7      | Killed Menkaure
  6055 | D:7      | Received a gift from Okawaru
  6260 | Temple   | Entered the Ecumenical Temple
  6468 | D:7      | Found Hytas's Jewellery Emporium.
  6478 | D:7      | Bought a cursed ring of teleportation for 45 gold pieces
  6676 | D:8      | Reached skill level 5 in Fighting
  6676 | D:8      | Reached skill level 5 in Shields
  6676 | D:8      | Reached skill level 1 in Evocations
  6678 | D:8      | Reached skill level 5 in Armour
  6685 | D:8      | Reached ***** piety under Okawaru
  6745 | D:8      | Reached skill level 12 in Long Blades
  6858 | D:8      | Reached XP level 10. HP: 81/81 MP: 11/11
  7157 | D:8      | Found a staircase to the Lair.
  7417 | D:9      | Noticed a two-headed ogre
  7438 | D:9      | Killed a two-headed ogre
  7438 | D:9      | Received a gift from Okawaru
  7558 | D:9      | Found a hazy altar of Hepliaklqana.
  8089 | D:10     | Entered Level 10 of the Dungeon
  8292 | D:10     | Received a gift from Okawaru
  8352 | D:10     | Noticed a two-headed ogre
  8369 | D:10     | Killed a two-headed ogre
  8549 | D:10     | Received a gift from Okawaru
  8549 | D:10     | Reached XP level 11. HP: 92/92 MP: 4/14
  8652 | D:10     | Found Boam's Food Boutique.
  8675 | D:10     | Found a flagged portal.
  8684 | Bailey   | Entered a bailey
  9502 | Lair:1   | Entered Level 1 of the Lair of Beasts
  9696 | Lair:1   | Reached skill level 1 in Invocations
  9791 | Lair:1   | Reached skill level 13 in Long Blades
 10671 | Lair:2   | Found a hole to the Spider Nest.
 11845 | Lair:3   | Received a gift from Okawaru
 12239 | Lair:3   | Found a staircase to the Swamp.
 12288 | Lair:3   | Reached XP level 12. HP: 79/104 MP: 5/15
 12294 | Lair:3   | Received a gift from Okawaru
 12384 | Lair:3   | Noticed a six-headed hydra
 12407 | Lair:3   | HP: 1/104 [13-headed hydra (6)]
 12408 | Lair:3   | Killed a 13-headed hydra
 13344 | D:11     | Noticed a two-headed ogre
 13489 | D:11     | Noticed a two-headed ogre
 13494 | D:11     | Killed a two-headed ogre
 13679 | D:11     | Killed a two-headed ogre
 13679 | D:11     | Reached skill level 14 in Long Blades
 13679 | D:11     | Reached skill level 5 in Invocations
 14119 | D:11     | Found a blossoming altar of Fedhas.
 14231 | D:11     | Reached skill level 10 in Shields
 14272 | D:11     | Found a staircase to the Orcish Mines.
 14279 | D:11     | Reached skill level 10 in Fighting
 14281 | D:11     | Reached skill level 10 in Armour
 14835 | D:12     | Noticed a two-headed ogre
 14852 | D:12     | Killed a two-headed ogre
 15214 | D:12     | Noticed a two-headed ogre
 15217 | D:12     | Reached XP level 13. HP: 99/114 MP: 6/18
 15373 | D:11     | Reached ****** piety under Okawaru
 15563 | D:12     | Found a snail-covered altar of Cheibriados.
 15932 | D:13     | Received a gift from Okawaru
 15937 | D:13     | Noticed Rupert
 15983 | D:13     | Killed Rupert
 16042 | D:13     | Noticed Urug
 16153 | D:13     | Killed Urug
 16294 | D:13     | Noticed Azrael
 16307 | D:13     | Killed Azrael
 16314 | D:13     | Received a gift from Okawaru
 16522 | D:13     | Reached skill level 5 in Dodging
 16948 | D:13     | Noticed Kirke
 17247 | Lair:4   | Reached skill level 15 in Long Blades
 18105 | Lair:4   | Upgraded the game from 0.22-a0-91-g23542c2 to 0.22-a0-93-g6b88ebb
 18285 | Lair:5   | Found a staircase to the Slime Pits.
 19097 | Lair:6   | Entered Level 6 of the Lair of Beasts
 19208 | Lair:6   | Reached XP level 14. HP: 118/124 MP: 20/20
 19246 | Lair:6   | Received a gift from Okawaru
 19247 | Lair:6   | Got a slimy short sword {god gift}
 19265 | Lair:6   | Found a dark tunnel.
 19275 | Volcano  | Entered a volcano
 20691 | Lair:5   | Received a gift from Okawaru
 21000 | Lair:6   | Reached skill level 10 in Throwing
 21006 | Lair:6   | Received a gift from Okawaru
 21755 | D:13     | Found a gate to the Vaults.
 22096 | D:13     | Killed Kirke
 22096 | D:13     | Reached skill level 5 in Evocations
 22257 | D:14     | Noticed Frances
 22267 | D:14     | Killed Frances
 22267 | D:14     | Received a gift from Okawaru
 22295 | D:14     | Found Puhot's Gadget Shop.
 22303 | D:14     | Found a frozen archway.
 22338 | IceCv    | Entered an ice cave
 22903 | IceCv    | Reached XP level 15. HP: 123/134 MP: 22/22
 23053 | IceCv    | Noticed a frost giant
 23091 | IceCv    | Killed a frost giant
 23091 | IceCv    | Received a gift from Okawaru
 23346 | D:14     | Found Tiurihum's Antique Weapon Shoppe.
 23356 | D:14     | Found Enkel's Antique Armour Shop.
 23362 | D:14     | Bought the +0 pair of fencer's gloves {+Riposte Dex+3} for 1160 gold pieces
 23362 | D:14     | Found the +0 pair of fencer's gloves {+Riposte Dex+3}
 23499 | D:14     | Found Izee's General Store.
 23890 | D:14     | Reached skill level 16 in Long Blades
 24605 | D:15     | Entered Level 15 of the Dungeon
 24671 | D:15     | Received a gift from Okawaru
 25250 | D:15     | Noticed Roxanne
 25275 | D:15     | Killed Roxanne
 25296 | D:15     | Found a sparkling altar of Nemelex Xobeh.
 25319 | D:15     | Received a gift from Okawaru
 25342 | D:15     | Got a transparent scimitar {god gift}
 25343 | D:15     | Identified the +4 scimitar "Soro" {slice, rElec rPois Str+5} (Okawaru gifted it to you on level 15 of the Dungeon)
 25356 | D:15     | Found a staircase to the Depths.
 25966 | Swamp:1  | Entered Level 1 of the Swamp
 26165 | Swamp:1  | Noticed Louise
 26199 | Swamp:1  | Killed Louise
 26347 | Swamp:1  | Received a gift from Okawaru
 26555 | Swamp:1  | Received a gift from Okawaru
 26563 | Swamp:1  | Noticed Nikola
 26584 | Swamp:1  | Killed Nikola
 26988 | Swamp:1  | Reached XP level 16. HP: 129/144 MP: 23/23
 27094 | Swamp:2  | Noticed a thorn hunter
 27211 | Swamp:1  | Killed a thorn hunter
 28803 | Swamp:3  | Noticed Aizul
 28822 | Swamp:3  | Killed Aizul
 29285 | Swamp:3  | Noticed a thorn hunter
 29297 | Swamp:3  | Killed a thorn hunter
 29957 | Spider:1 | Entered Level 1 of the Spider Nest
 30018 | Spider:1 | Received a gift from Okawaru
 30030 | Spider:1 | Noticed CuddlesCardenas's ghost (journeyman MiFi)
 30064 | Spider:1 | Killed CuddlesCardenas's ghost
 30554 | Spider:1 | Reached skill level 17 in Long Blades
 30554 | Spider:1 | Reached skill level 10 in Dodging
 31030 | Spider:2 | Got an ancient scale mail
 31031 | Spider:2 | Identified the cursed +1 scale mail of Letak {rElec rF- Int+2} (You found it on level 2 of the Spider Nest)
 33123 | Spider:2 | Received a gift from Okawaru
 33357 | Spider:3 | Reached XP level 17. HP: 144/154 MP: 24/24
 33904 | Orc:1    | Entered Level 1 of the Orcish Mines
 33904 | Orc:1    | Found Okejav's Antique Armour Emporium.
 33918 | Orc:1    | Bought an ichor-stained ring mail for 270 gold pieces
 33918 | Orc:1    | Bought a jewelled chain mail for 285 gold pieces
 33918 | Orc:1    | Identified the cursed +0 ring mail of Bitiz {+Inv rC+ MR+} (You bought it in a shop on level 1 of the Orcish Mines)
 33920 | Orc:1    | Identified the +1 chain mail of the Swamp {*Contam rF+ Str+5 Int+3} (You bought it in a shop on level 1 of the Orcish Mines)
 34341 | Orc:2    | Entered Level 2 of the Orcish Mines
 34341 | Orc:2    | Found Soazimi's Gadget Shoppe.
 34541 | Orc:2    | Received a gift from Okawaru
 34579 | Orc:2    | Noticed Nergalle
 34800 | Orc:2    | Killed Nergalle
 34891 | Orc:2    | Found a roughly hewn altar of Beogh.
 35106 | Orc:2    | Found Wicuyqex's Antique Weapon Boutique.
 35173 | Orc:2    | Found Fisept's Jewellery Boutique.
 35192 | Orc:2    | Received a gift from Okawaru
 35622 | Orc:2    | Found Mos Unk's Distillery.
 35630 | Orc:2    | Bought a potion of heal wounds for 80 gold pieces
 35630 | Orc:2    | Bought a potion of heal wounds for 80 gold pieces
 35630 | Orc:2    | Bought a potion of curing for 48 gold pieces
 35753 | Orc:2    | Found Deiwamei's Antique Weapon Shop.
 35805 | Orc:2    | Found Veunacio's General Store.
 35947 | Orc:2    | Found a staircase to the Elven Halls.
 36024 | Orc:2    | Found Vochos's Antique Armour Boutique.
 36085 | Elf:1    | Entered Level 1 of the Elven Halls
 36429 | Elf:1    | Noticed Agnes
 36451 | Elf:1    | Killed Agnes
 36451 | Elf:1    | Received a gift from Okawaru
 36546 | Elf:1    | Found a portal to a secret trove of treasure.
 36582 | Elf:1    | Found Poal's Weapon Shoppe.
 36865 | Elf:1    | Found Ilighie's Distillery.
 36873 | Elf:1    | Bought a potion of haste for 110 gold pieces
 36873 | Elf:1    | Bought a potion of heal wounds for 55 gold pieces
 36873 | Elf:1    | Bought a potion of haste for 110 gold pieces
 37048 | Elf:1    | Found Zoluul's Book Emporium.
 37377 | Elf:1    | Reached skill level 15 in Fighting
 37572 | Elf:2    | Found Heuxeh's Book Shoppe.
 37632 | Elf:2    | Reached skill level 15 in Armour
 37687 | Elf:2    | Got a bloodstained great sword
 37693 | Elf:2    | Identified the +9 great sword of Moral Flaws {protect, rElec rPois} (You found it on level 2 of the Elven Halls)
 37964 | Elf:2    | Identified the Papyrus of Dark Envenoming
 38245 | Elf:2    | Cast into level 2 of the Abyss (a deep elf sorcerer)
 38506 | Abyss:2  | Found a corrupted altar of Lugonu.
 38522 | Elf:2    | Escaped the Abyss
 38642 | Elf:2    | Received a gift from Okawaru
 38984 | Elf:2    | Found a runed door.
 39007 | Elf:2    | Found a runed door.
 39432 | Elf:3    | Entered Level 3 of the Elven Halls
 39781 | Elf:3    | Reached skill level 18 in Long Blades
 39899 | Elf:3    | Reached XP level 18. HP: 161/163 MP: 26/26
 40182 | Elf:3    | Cast into level 3 of the Abyss (a deep elf demonologist)
 40435 | Abyss:3  | Gained mutation: Your movements are slightly less encumbered by armour. (ER -2) [a neqoxec]
 40436 | Abyss:3  | Gained mutation: You are weak. (Str -2) [a neqoxec]
 40682 | Elf:3    | Escaped the Abyss
 42232 | Elf:3    | Noticed a Hell Sentinel
 42254 | Elf:3    | HP: 8/166 [reaper/scythe of slicing[a deep elf demonologist] (6)]
 43005 | Spider:3 | Got a transparent buckler
 43006 | Spider:3 | Identified the +3 buckler of the Blessed Realm {+Blink Stlth+} (You found it on level 3 of the Spider Nest)
 43554 | Swamp:4  | Entered Level 4 of the Swamp
 43788 | Swamp:4  | Reached skill level 10 in Evocations
 44038 | Swamp:4  | Received a gift from Okawaru
 44044 | Swamp:4  | HP: 4/166 [poisoned by a swamp dragon (poison gas)]
 44906 | Swamp:4  | Received a gift from Okawaru
 45629 | Swamp:4  | Noticed the 27-headed Lernaean hydra
 45960 | Swamp:4  | Got a decaying rune of Zot
 46378 | Spider:4 | Entered Level 4 of the Spider Nest
 47886 | Spider:4 | Noticed Arachne
 47905 | Spider:4 | Killed Arachne
 48189 | Spider:4 | Reached XP level 19. HP: 158/172 MP: 28/28
 48225 | Spider:4 | Received a gift from Okawaru
 49098 | Spider:4 | Got a gossamer rune of Zot
 49455 | Depths:1 | Entered Level 1 of the Depths
 50094 | Depths:1 | Found a gateway to Hell.
 50823 | Elf:3    | Got a coiled steel ring
 50856 | Elf:3    | Got a transparent scimitar {flame}
 50860 | Elf:3    | Identified the +4 scimitar of the Foot {flame, *Drain rPois Dex+2 SInv} (You took it off a deep elf mage on level 3 of the Elven Halls)
 50861 | Elf:3    | Identified the ring "Ifidat" {rC+ AC+2 Int+4 Dex+5} (You took it off a deep elf sorcerer on level 3 of the Elven Halls)
 51034 | Elf:3    | Reached skill level 19 in Long Blades
 51364 | Elf:3    | Received a gift from Okawaru
 52139 | Elf:3    | Identified the Volume of Assistive Evil Rituals
 52223 | Elf:3    | Got a smoking chain mail
 52225 | Elf:3    | Got a distressingly furry plate armour
 52233 | Elf:3    | Identified the Papyrus of Entrancing Protection
 52394 | Elf:3    | Identified the +6 chain mail "Woatank" {Str+3} (You took it off a deep elf master archer on level 3 of the Elven Halls)
 52396 | Elf:3    | Identified the +1 plate armour of Refuge {rPois MR+} (You found it on level 3 of the Elven Halls)
 52447 | Elf:3    | Got a jewelled scale mail
 52458 | Elf:3    | Identified the cursed +1 scale mail of Darkness {-Tele rCorr Str+2} (You took it off a deep elf blademaster on level 3 of the Elven Halls)
 53390 | Depths:1 | Noticed Bai Suzhen
 53408 | Depths:1 | Killed Bai Suzhen
 53433 | Depths:1 | Found a one-way gate to the infinite horrors of the Abyss.
 53438 | Depths:1 | Found a one-way gate leading to the halls of Pandemonium.
 54074 | Depths:1 | Received a gift from Okawaru
 54074 | Depths:1 | Reached XP level 20. HP: 54/184 MP: 30/30
 54390 | Depths:1 | Got a crude plate armour {god gift}
 54391 | Depths:1 | Identified the +1 plate armour of Perpetual Drought {-Tele rF+ Int+2} (Okawaru gifted it to you on level 1 of the Depths)
 54485 | Vaults:1 | Entered Level 1 of the Vaults
 56954 | Vaults:2 | Received a gift from Okawaru
 57310 | Vaults:2 | Noticed Asterion
 57325 | Vaults:2 | Killed Asterion
 57341 | Vaults:2 | Reached skill level 15 in Throwing
 58223 | Vaults:2 | Found Lish's Food Emporium.
 58617 | Vaults:3 | Received a gift from Okawaru
 58776 | Vaults:3 | Reached skill level 20 in Long Blades
 59174 | Vaults:3 | Noticed Boris
 59188 | Vaults:3 | Killed Boris
 59505 | Vaults:3 | Found a staircase to the Crypt.
 59896 | Vaults:3 | Received a gift from Okawaru
 59912 | Vaults:3 | Reached XP level 21. HP: 186/194 MP: 31/31
 60343 | Vaults:4 | Noticed Mennas
 60663 | Vaults:4 | Found a ruined gateway.
 60676 | Desolati | Entered the Desolation of Salt
 61105 | Desolati | Got a brightly glowing plate armour
 61106 | Desolati | Identified the +4 plate armour of Broken Taboos {+Fly rPois Dex+4} (You found it in the Desolation of Salt)
 61186 | Desolati | Reached skill level 15 in Dodging
 61675 | Desolati | Got a wavering emerald amulet
 61676 | Desolati | Identified the Almanac of Creative Sinister Arts
 61749 | Desolati | Identified the Disquisition on Creative Intoxication
 61751 | Desolati | Identified Odaimuar's Reference Book on Toxins and Arcane Weapons
 62024 | Desolati | Found the +4 arc blade {discharge, rElec}
 62026 | Desolati | Got a brightly glowing double sword
 62028 | Desolati | Identified Sif Muna's Almanac of Attacks and Good Luck
 62038 | Desolati | Identified the Tome of the Enchanting Escort
 62049 | Desolati | Identified the cursed +1 double sword of Eqibodd {antimagic, +Fly} (You found it in the Desolation of Salt)
 62544 | D:13     | Identified the amulet of Enoff {Spirit *Corrode rElec Int+3 Stlth+} (You found it in the Desolation of Salt)
 63012 | Vaults:4 | Received a gift from Okawaru
 63026 | Vaults:4 | Killed Mennas
 63050 | Vaults:4 | Got an encrusted great sword {god gift}
 63051 | Vaults:4 | Identified the +8 great sword "Kyepn" {slice, *Rage rC- MR+ Dex+7} (Okawaru gifted it to you on level 4 of the Vaults)
 63820 | Vaults:4 | Received a gift from Okawaru
 64576 | Elf:2    | Gained mutation: You tend to lose your temper in combat. [a neqoxec]
 64883 | Elf:2    | Reached XP level 22. HP: 141/204 MP: 32/32
 64891 | Elf:2    | Noticed Donald
 64900 | Elf:2    | Killed Donald
 65889 | Spider:4 | Lost mutation: You are weak. (Str -2) [potion of mutation]
 65889 | Spider:4 | Lost mutation: Your movements are slightly less encumbered by armour. (ER -2) [potion of mutation]
 65889 | Spider:4 | Lost mutation: You tend to lose your temper in combat. [potion of mutation]
 65889 | Spider:4 | Gained mutation: Your spells are a little easier to cast, but a little less powerful. [potion of mutation]
 65889 | Spider:4 | Gained mutation: You are partially covered in iridescent scales. (AC +2) [potion of mutation]
 66266 | Depths:2 | Found Nummeb's Jewellery Emporium.
 66274 | Depths:2 | Bought an uncursed amulet of the gourmand for 420 gold pieces
 66495 | Depths:2 | Reached skill level 21 in Long Blades
 67135 | Depths:2 | Received a gift from Okawaru
 67301 | Depths:2 | Noticed a juggernaut
 67313 | Depths:2 | Killed a juggernaut
 67563 | Depths:2 | Received a gift from Okawaru
 68953 | Depths:3 | Found an iron altar of Okawaru.
 69472 | Orc:2    | Bought a runed scarf for 264 gold pieces
 69876 | Depths:4 | You are sucked into a shaft!
 69876 | Depths:5 | Entered Level 5 of the Depths
 70373 | Depths:5 | Noticed Jorgrun
 70382 | Depths:5 | Reached XP level 23. HP: 168/215 MP: 33/33
 70392 | Depths:5 | Killed Jorgrun
 70392 | Depths:5 | Received a gift from Okawaru
 70860 | Depths:4 | Received a gift from Okawaru
 71022 | Depths:4 | Noticed a caustic shrike
 71025 | Depths:4 | Noticed a caustic shrike
 71025 | Depths:4 | Noticed a caustic shrike
 71027 | Depths:4 | Noticed a caustic shrike
 71029 | Depths:4 | Killed a caustic shrike
 71041 | Depths:4 | Noticed a caustic shrike
 71041 | Depths:4 | Killed a caustic shrike
 71046 | Depths:4 | Killed a caustic shrike
 71056 | Depths:4 | Killed a caustic shrike
 71061 | Depths:4 | Killed a caustic shrike
 71061 | Depths:4 | Reached skill level 22 in Long Blades
 71309 | Depths:4 | Noticed a juggernaut
 71317 | Depths:4 | Killed a juggernaut
 72134 | Depths:4 | Received a gift from Okawaru
 72137 | Depths:4 | Got a pair of translucent gloves {god gift}
 72149 | Depths:4 | Identified the +0 pair of gloves "Xihom" {rF+ Regen+ Str-3} (Okawaru gifted it to you on level 4 of the Depths)
 72499 | Depths:4 | Found a gateway to a ziggurat.
 73619 | Depths:5 | Found a gate to the Realm of Zot.
 73996 | Depths:5 | HP: 4/217 [storm dragon (8)]
 73997 | Depths:5 | Slain by a storm dragon

Vault maps used:
D:1:      onia_arrival_mini_maze, minmay_distorted
D:2:      gammafunk_temple_overflow_statue, uniq_terence
D:3:      grunt_qazlal_sundering, first_ration, st_stairs_6
D:6:      grunt_temple_overflow_order_and_chaos_1, grunt_tough_drop
D:7:      minmay_temple_entry_glass, serial_shops, shop, uniq_menkaure
D:8:      david_lair_shrubbed, hangedman_little_slice_of_home
D:9:      kennysheep_mini_moat, nicolae_two_hexagons, roderic_serpentine_path
D:10:     serial_shops, shop_fountains, enter_bailey_2
D:11:     david_orc_4, basic_altar
D:12:     cheibriados_altar_1
D:13:     lightli_vaults_fourway_checkpoint, serial_bayou_pond_e,
          grunt_ministairs_4, uniq_azrael, uniq_kirke, uniq_urug, uniq_rupert
D:14:     wad_mega_maze, hex_medium, portal_ice_cave_entry_imps, serial_shops,
          shop, nicolae_shop_stone, nicolae_shop_trees,
          nicolae_shop_competitors_out_of_business, roderic_filled_cross,
          minmay_misc_feat_cross, uniq_frances
D:15:     hangedman_depths_entry_civil_slaughter, basic_altar,
          serial_park_square3, uniq_roxanne
Temple:   eino_temple_scatter_basement
Lair:2:   nicolae_spider_entry_non_spiders, st_stairs_11
Lair:3:   nicolae_swamp_entry_splash_gauntlet, patterned_corridor
Lair:4:   minmay_lair_oklob_chamber
Lair:5:   slime_dummy, minivault_25, lookout_lair_type, minivault_26,
          serial_bayou_pond_c
Lair:6:   evilmike_catoblepas_cave, lightli_volcano_entry_magma_tube
Swamp:1:  evilmike_swamp_ruin_rubble_2, swamp_pool4, uniq_nikola, uniq_louise
Swamp:2:  hangedman_swamp_ruin_hall, infiniplex_staircase_pool
Swamp:3:  serial_swamp_ruin, evilmike_swamp_ruin_house_5,
          evilmike_swamp_ruin_rubble_1, swamp_pool2, uniq_aizul
Swamp:4:  swamp_old_school, hangedman_swamp_cone, swamp_pool4
Spider:2: nicolae_crawler_farm
Spider:4: grunt_spider_rune_circles, nicolae_looking_at_the_future, uniq_arachne
Orc:1:    serial_shops, shop, trog_butcher_becter
Orc:2:    grunt_orc_cross, serial_shops, nicolae_shop_waterfront,
          nicolae_shop_crystal, shop
Elf:1:    trove_entry_hex_spiral, serial_shops, shop, nicolae_shop_crystal,
          shop, hangedman_elf_disciples, uniq_agnes
Elf:2:    serial_shops, shop, uniq_donald
Elf:3:    elf_hall_gauntlet_wide, item_on_display_a, grunt_megastairs_2
Vaults:1: hangedman_vaults_river_flow, vaults_room_large_hall, v_misc_29,
          vaults_mumra_hexcomb, ontoclasm_vaults_decontamination,
          vaults_dpeg_hooks, st_lines, vaults_room_door_ring,
          vaults_standard_mumra_x, vaults_room_pools, v_misc_26
Vaults:2: st_octagons_2, ontoclasm_vaults_claustrophobia,
          grunt_vaults_hallway_short, hangedman_vaults_corner_blocks,
          nicolae_vaults_gold_heap, ontoclasm_vaults_ring_square,
          hangedman_vaults_pinch, vaults_dpeg_cross, hangedman_vaults_cutoff,
          ontoclasm_vaults_shuriken, nicolae_vaults_little_squares_5,
          v_alt_pattern_4, vaults_room_grid, serial_shops,
          nicolae_shop_window_shopping, uniq_asterion
Vaults:3: vaults_room_ringed_pool, vaults_dpeg_spiral, v_pattern_4,
          ontoclasm_vaults_chip, minmay_crypt_entry_nasty_monster, serial_ice_g,
          vaults_dpeg_ring, nicolae_vaults_little_squares_2,
          vaults_dpeg_diagonal, uniq_boris
Vaults:4: vaults_room_stairs_pillars, v_misc_16,
          nicolae_vaults_little_squares_5, ontoclasm_vaults_hangar, v_misc_15,
          v_rooms_4, v_misc_13, vaults_room_large_hall, ontoclasm_vaults_chip,
          nicolae_vaults_little_squares_3, nicolae_vaults_little_squares_5,
          portal_desolation_entry_nicolae_slug, uniq_mennas
Depths:1: serial_glass, glass_columns_c, glass_columns_b,
          rand_demon_pan_entry_3, hell_entry, abyss_entry,
          kennysheep_generic_room_16, uniq_bai_suzhen
Depths:2: hangedman_hanging_gardens, serial_shops, shop, hell_entry,
          infiniplex_staircase_trident
Depths:3: lemuel_flame_loot_2, rand_demon_pan_entry_7, hell_entry,
          old_standard_altar, infiniplex_staircase_pool_lava
Depths:4: cheibrodos_spurs, enter_ziggurat_b, abyss_entry, hellmouth_1,
          minmay_crystal_water, infiniplex_staircase_spiral_double
Depths:5: grunt_runaround, hell_entry, serial_shops, uniq_jorgrun
Abyss:3:  evilmike_nicolae_abyss_rune_containment_curve, evilmike_abyss_exit_12
Bailey:   bailey_polearm_5, bailey
IceCv:    ice_cave_caverns_03
Volcano:  volcano_pools

Skill      XL: |  1  2  3  4  5  6  7  8  9 10 11 12 13 14 15 16 17 18 19 20 21 22 23 |
---------------+----------------------------------------------------------------------+-----
Long Blades    | 3 4 5 6 7 9 10 12 13 14 15 16 17 18 19 20 21 22 | 22.4
Throwing       | 2 3 5 7 8 9 10 11 12 13 14 15 16 17 | 17.7
Dodging        | 2 3 5 7 9 10 11 12 13 14 15 16 17 | 17.7
Fighting       | 5 7 9 10 11 12 13 14 15 16 17 18 19 20 | 20.6
Armour         | 5 7 9 10 11 12 13 14 15 16 17 18 19 20 | 20.6
Shields        | 5 7 9 10 11 12 | 12.4
Evocations     | 1 3 4 5 6 8 9 10 11 | 11.5
Invocations    | 4 6 7 8 |  8.0

Action                   |  1- 3 |  4- 6 |  7- 9 | 10-12 | 13-15 | 16-18 | 19-21 | 22-24 || total
-------------------------+-------+-------+-------+-------+-------+-------+-------+-------++-------
Melee: Long sword        |    86 |   136 |   328 |    41 |       |       |       |       ||   591
       Headbutt          |    14 |    23 |    80 |   226 |   357 |   544 |   642 |   423 ||  2309
       Scimitar          |       |       |       |   810 |  1178 |  1073 |       |       ||  3061
       Great sword       |       |       |       |       |    93 |   595 |  1465 |  1044 ||  3197
       Demon blade       |       |       |       |       |     4 |       |       |       ||     4
Throw: Javelin           |       |       |       |     4 |     9 |    34 |     7 |    23 ||    77
Invok: Heroism           |       |       |     3 |    13 |    17 |    16 |     9 |    10 ||    68
       Finesse           |       |       |       |       |     8 |     5 |     3 |     2 ||    18
Evoke: Wand              |       |       |       |       |     5 |     1 |       |       ||     6
  Use: Scroll            |     3 |     2 |     8 |     6 |    13 |     9 |    11 |     1 ||    53
       Potion            |     3 |     7 |     4 |     5 |     2 |     1 |     1 |     1 ||    24
 Stab: Petrifying        |       |       |       |       |     1 |       |       |       ||     1
       Confused          |       |       |       |       |       |     1 |       |       ||     1
       Distracted        |       |       |       |       |       |     1 |       |     1 ||     2
       Held in net/web   |       |       |       |       |       |     1 |       |       ||     1
  Eat: Chunk             |     1 |     8 |    10 |    25 |    32 |    55 |    41 |    63 ||   235
       Ration            |       |       |       |     1 |     2 |     4 |     4 |       ||    11
Armor: Scale mail        |    35 |    34 |       |       |       |       |       |       ||    69
       Chain mail        |       |     8 |    78 |       |       |       |       |       ||    86
       Swamp dragon scal |       |       |    25 |   193 |   125 |       |       |       ||   343
       Ring mail         |       |       |       |       |    16 |       |       |       ||    16
       Plate armour      |       |       |       |       |    38 |   749 |   649 |   216 ||  1652
       Gold dragon scale |       |       |       |       |       |       |       |   213 ||   213
Dodge: Dodged            |    34 |    37 |    58 |   217 |   295 |   801 |   857 |   601 ||  2900
Block: Shield            |    50 |    43 |   127 |   531 |   775 |   975 |       |       ||  2501
       Reflection        |       |       |       |    10 |    31 |    49 |    25 |     5 ||   120
       Other             |       |       |       |       |    14 |   137 |   259 |   133 ||   543
       Rpst.: Long sword |     8 |     7 |    18 |     2 |       |       |       |       ||    35
       Scimitar          |       |       |       |    42 |    65 |   158 |       |       ||   265
       Great sword       |       |       |       |       |    10 |   145 |   367 |   193 ||   715

Table legend:
 A = Spawn XP
 B = Non-spawn XP
 C = Spawn XP percentage of total XP
 D = Spawn monster count
 E = Non-spawn monster count
 F = Spawn count percentage of total count
 G = Total turns spent on level
                    A         B        C        D         E        F      G
               +---------+---------+-------+---------+---------+-------+---------
         Total |   13931 |  964519 |   1.4 |      30 |    1942 |   1.5 | 73997
               +---------+---------+-------+---------+---------+-------+---------
           D:1 |       0 |      36 |   0.0 |       0 |      22 |   0.0 |  1025
           D:2 |       0 |     142 |   0.0 |       0 |      30 |   0.0 |  1648
           D:3 |       0 |     420 |   0.0 |       0 |      26 |   0.0 |   749
           D:4 |       0 |     240 |   0.0 |       0 |      15 |   0.0 |   910
           D:5 |       0 |     580 |   0.0 |       0 |      17 |   0.0 |   834
           D:6 |       0 |    2551 |   0.0 |       0 |      25 |   0.0 |   763
           D:7 |       0 |     914 |   0.0 |       0 |      28 |   0.0 |   578
           D:8 |       0 |    1343 |   0.0 |       0 |      19 |   0.0 |  1075
           D:9 |       0 |    1941 |   0.0 |       0 |      30 |   0.0 |   851
          D:10 |       0 |    3883 |   0.0 |       0 |      39 |   0.0 |  1466
          D:11 |       0 |    9462 |   0.0 |       0 |      64 |   0.0 |  2167
          D:12 |       0 |   10292 |   0.0 |       0 |      51 |   0.0 |   990
          D:13 |       0 |   22104 |   0.0 |       0 |      52 |   0.0 |  2289
          D:14 |       0 |   11220 |   0.0 |       0 |      43 |   0.0 |  1891
          D:15 |       0 |   21300 |   0.0 |       0 |      39 |   0.0 |  1464
        Lair:1 |       0 |    2660 |   0.0 |       0 |      14 |   0.0 |  1730
        Lair:2 |       0 |    4118 |   0.0 |       0 |      24 |   0.0 |  1472
        Lair:3 |       0 |    5340 |   0.0 |       0 |      23 |   0.0 |  1789
        Lair:4 |       0 |    4805 |   0.0 |       0 |      19 |   0.0 |  1116
        Lair:5 |       0 |    4621 |   0.0 |       0 |      11 |   0.0 |  1393
        Lair:6 |       0 |   15803 |   0.0 |       0 |      38 |   0.0 |  1783
       Swamp:1 |       0 |   22687 |   0.0 |       0 |      37 |   0.0 |  1387
       Swamp:2 |       0 |   11589 |   0.0 |       0 |      27 |   0.0 |  1269
       Swamp:3 |       0 |   14994 |   0.0 |       0 |      34 |   0.0 |  1852
       Swamp:4 |       0 |   27558 |   0.0 |       0 |      55 |   0.0 |  2091
      Spider:1 |       0 |    8253 |   0.0 |       0 |      16 |   0.0 |  1266
      Spider:2 |       0 |   14613 |   0.0 |       0 |      41 |   0.0 |  2141
      Spider:3 |       0 |   19538 |   0.0 |       0 |      46 |   0.0 |  1884
      Spider:4 |       0 |   31913 |   0.0 |       0 |      79 |   0.0 |  1663
         Orc:1 |       0 |    8272 |   0.0 |       0 |      33 |   0.0 |  1045
         Orc:2 |       0 |    9554 |   0.0 |       0 |      69 |   0.0 |  1777
         Elf:1 |       0 |   21439 |   0.0 |       0 |      31 |   0.0 |  1792
         Elf:2 |       0 |   45496 |   0.0 |       0 |      61 |   0.0 |  3259
         Elf:3 |       0 |   61522 |   0.0 |       0 |      60 |   0.0 |  3260
      Vaults:1 |       0 |   47522 |   0.0 |       0 |      83 |   0.0 |  2127
      Vaults:2 |       0 |   21761 |   0.0 |       0 |      45 |   0.0 |  1438
      Vaults:3 |       0 |   47212 |   0.0 |       0 |      59 |   0.0 |  2666
      Vaults:4 |       0 |   50304 |   0.0 |       0 |      66 |   0.0 |  1427
      Depths:1 |       0 |   35863 |   0.0 |       0 |      40 |   0.0 |  2223
      Depths:2 |       0 |   59929 |   0.0 |       0 |      72 |   0.0 |  1396
      Depths:3 |       0 |   44989 |   0.0 |       0 |      52 |   0.0 |  1815
      Depths:4 |       0 |  100437 |   0.0 |       0 |      86 |   0.0 |  2107
      Depths:5 |       0 |   69827 |   0.0 |       0 |      65 |   0.0 |  2046
       Abyss:2 |    1994 |    2272 |  46.7 |       3 |       2 |  60.0 |   277
       Abyss:3 |   11937 |       0 | 100.0 |      27 |       0 | 100.0 |   500
        Bailey |       0 |     440 |   0.0 |       0 |      17 |   0.0 |   229
         IceCv |       0 |   12610 |   0.0 |       0 |      46 |   0.0 |   914
       Volcano |       0 |    4059 |   0.0 |       0 |       6 |   0.0 |   311
    Desolation |       0 |   46091 |   0.0 |       0 |      85 |   0.0 |  1693
               +---------+---------+-------+---------+---------+-------+---------
